 Dungeon Crawl Stone Soup version 0.18-a0-739-gdae9da8 (webtiles) character file.

10451 JokEr the Fighter (level 11, 0/79 HPs)
             Began as a Gargoyle Fighter on Dec 10, 2015.
             Was a High Priest of Okawaru.
             Killed from afar by a gargoyle (17 damage)
             ... with a stone arrow
             ... on level 11 of the Dungeon.
             The game lasted 00:27:40 (12221 turns).

JokEr the Fighter (Gargoyle Fighter)               Turns: 12221, Time: 00:27:41

Health: 0/79       AC: 22    Str: 23    XL:     11   Next: 62%
Magic:  9/11       EV:  7    Int:  9    God:    Okawaru [*****.]
Gold:   436        SH: 11    Dex:  9    Spells: 0 memorised, 10 levels left

rFire  . . .     SeeInvis .     d - +1 mace (crush)
rCold  . . .     Clarity  .     m - +0 plate armour
rNeg   + . .     SustAt   .     c - +0 shield
rPois  ∞         Gourm    .     (no helmet)
rElec  +         Spirit   .     (no cloak)
rCorr  .         Dismiss  .     J - +0 pair of gloves
rMut   .         Stasis   .     (no boots)
MR     .....                    (no amulet)
Stlth  ..........               (no ring)
                                (no ring)

@: heroism, not resistant to hostile enchantments, extremely unstealthy
A: negative energy resistance 1, electricity resistance, unbreathing,
petrification resistance, rot immunity, AC +7
a: Heroism, Finesse, Renounce Religion


You were on level 11 of the Dungeon.
You worshipped Okawaru.
Okawaru was extremely pleased with you.
You were not hungry.

You visited 2 branches of the dungeon, and saw 12 of its levels.

You collected 742 gold pieces.
You spent 306 gold pieces at shops.

Inventory:

Hand Weapons
 d - a +1 mace of crushing (weapon)
 v - a +2 mace of holy wrath
Armour
 c - a +0 shield (worn)
 m - a +0 plate armour (worn)
 J - a +0 pair of gloves (worn)
Jewellery
 b - an uncursed amulet of guardian spirit {unknown}
 C - an uncursed amulet of rage
Wands
 l - a wand of polymorph (6)
 n - a wand of digging (9)
 q - a wand of frost (15)
 G - a wand of polymorph (17)
Scrolls
 f - a scroll of identify
 g - 6 scrolls of enchant weapon
 j - a scroll of magic mapping
 k - 6 scrolls of remove curse
 t - 2 scrolls of amnesia
 u - 2 scrolls of fog
 y - a scroll of recharging
 B - a scroll of fear
 D - 2 scrolls of enchant armour
Potions
 a - 2 potions of curing
 h - a potion of invisibility
 i - 4 potions of brilliance
 o - 2 potions of cure mutation
 p - 4 potions of haste
 x - 2 potions of flight
 H - 4 potions of agility
 K - a potion of magic
Books
 s - a book of Clouds

   Spells                             Type                      Level
   a - Mephitic Cloud                 Conjuration/Poison/Air       3
   b - Conjure Flame                  Conjuration/Fire             3
   c - Poisonous Cloud                Conjuration/Poison/Air       6
   d - Freezing Cloud                 Conjuration/Ice/Air          6
   e - Ring of Flames                 Charms/Fire                  7
 w - a book of Cantrips

   Spells                             Type                      Level
   a - Corona                         Hexes                        1
   b - Animate Skeleton               Necromancy                   1
   c - Summon Small Mammal            Summoning                    1
   d - Apportation                    Translocation                1
 E - a book of Minor Magic

   Spells                             Type                      Level
   a - Magic Dart                     Conjuration                  1
   b - Blink                          Translocation                2
   c - Call Imp                       Summoning                    2
   d - Repel Missiles                 Charms/Air                   2
   e - Slow                           Hexes                        2
   f - Conjure Flame                  Conjuration/Fire             3
   g - Mephitic Cloud                 Conjuration/Poison/Air       3
Miscellaneous
 L - a phantom mirror
Comestibles
 r - 6 bread rations
 z - a royal jelly
 A - 3 meat rations
 F - 9 slices of pizza
 I - 2 beef jerkies


   Skills:
 + Level 13.7(18.7) Fighting
 + Level 12.6(17.6) Maces & Flails
 - Level 3.2(8.2) Armour
 - Level 3.2(8.2) Shields


You had 10 spell levels left.
You didn't know any spells.

Dungeon Overview and Level Annotations

Branches:
Dungeon (11/15)            Temple (1/1) D:4            Lair (0/8) D:10
    Orc: D:9-12

Altars:
Ashenzari
Cheibriados
Dithmenos
Elyvilon
Fedhas
Gozag
Kikubaaqudgha
Makhleb
Nemelex Xobeh
Okawaru
Pakellas
Qazlal
Ru
Sif Muna
Trog
Vehumet
Xom
Yredelemnul
Zin
The Shining One

Shops:
D:6 *?


Innate Abilities, Weirdness & Mutations

You are resistant to torment.
Your stone body is resilient (AC +7).
You are immune to poison.
You resist negative energy.
You are resistant to electric shocks.
You can survive without breathing.
You are immune to petrification.
You are immune to rotting.


Message History

* * * LOW HITPOINT WARNING * * *
Drink which item? (? for menu, Esc to quit)
You feel much better. The gargoyle hits you with a mace!
* * * LOW HITPOINT WARNING * * *
Drink which item? (? for menu, Esc to quit)
Okay, then.
Read which item? (? for menu, Esc to quit)
As you read the scroll of fear, it crumbles to dust.
You assume a fearsome visage.
The gargoyle is unaffected.
The gargoyle barely misses you.
Read which item? (? for menu, Esc to quit)
Okay, then.
Drink which item? (? for menu, Esc to quit)
You feel better. The gargoyle hits you with a mace!
* * * LOW HITPOINT WARNING * * *
You gain the combat prowess of a mighty hero.
You feel slightly more hungry.
The gargoyle hurls a stone arrow at you.
The stone arrow hits you!
You die...

#.....#########.....
#.##................
#.#.....#######.....
#[#.###.# #.....
#####.#.###.# ######
#.....†.....#
#.###.#.###.# #.#.#
#.# # #@# #..
#.9##.# ##.# .# ..
... ... ....


You could see a gargoyle.

Vanquished Creatures
  Nergalle (D:11)
  An unseen horror (D:10)
  2 hill giants (D:10)
  Maurice (D:8)
  A spiny frog (D:10)
  A komodo dragon (D:10)
  A troll (D:9)
  Prince Ribbit (D:7)
  A trapdoor spider zombie (D:10)
  Grinder (D:5)
  Sigmund (D:3)
  A human (D:7)
  A wyvern (D:11)
  7 yaks
  3 hippogriffs
  Edmund (D:5)
  A water moccasin (D:9)
  An ice beast (D:6)
  A sky beast (D:6)
  3 black bears
  4 ogres
  4 centaurs
  2 orc warriors
  4 crocodiles
  Blork the orc (D:4)
  6 giant frogs
  A gnoll sergeant (D:7)
  A wyvern zombie (D:7)
  A water moccasin skeleton (D:8)
  A wyvern skeleton (D:8)
  5 scorpions
  6 orc priests
  3 centaur zombies
  A giant frog zombie (D:6)
  2 centaur skeletons
  A quasit (D:9)
  4 crimson imps
  6 hounds
  A giant frog skeleton (D:6)
  2 gnoll shamans
  An iguana (D:10)
  8 orc wizards
  2 jellies
  5 worker ants
  Terence (D:2)
  2 sheep (D:7)
  19 gnolls
  13 adders
  2 shadow imps (D:10)
  An ooze (D:6)
  3 giant geckos
  26 orcs
  5 giant cockroaches
  12 goblins
  6 hobgoblins
  14 jackals
  6 kobolds
  6 quokkas
  12 bats
  A giant gecko skeleton (D:6)
  3 giant newts
  11 rats
246 creatures vanquished.

Notes
Turn   | Place    | Note
--------------------------------------------------------------
     0 | D:1      | JokEr the Gargoyle Fighter began the quest for the Orb.
     0 | D:1      | Reached XP level 1. HP: 14/14 MP: 1/1
   177 | D:1      | Reached XP level 2. HP: 13/19 MP: 2/2
   475 | D:1      | Reached skill level 4 in Fighting
   575 | D:1      | Reached XP level 3. HP: 18/24 MP: 3/3
  1259 | D:2      | Noticed Terence
  1274 | D:2      | Killed Terence
  1357 | D:2      | Reached XP level 4. HP: 30/30 MP: 4/4
  2050 | D:3      | Noticed Sigmund
  2073 | D:3      | Killed Sigmund
  2073 | D:3      | Reached skill level 5 in Fighting
  2073 | D:3      | Reached XP level 5. HP: 2/36 MP: 5/5
  2073 | D:3      | Reached XP level 6. HP: 2/41 MP: 6/6
  2521 | D:3      | Reached skill level 6 in Fighting
  2742 | D:3      | Reached skill level 5 in Maces & Flails
  3081 | D:3      | Reached XP level 7. HP: 11/47 MP: 7/7
  3645 | D:4      | Found a staircase to the Ecumenical Temple.
  3662 | Temple   | Entered the Ecumenical Temple
  3739 | Temple   | Became a worshipper of Warmaster Okawaru
  3776 | D:4      | Got a topaz-encrusted leather armour
  3787 | D:4      | Identified the +1 leather armour of Besafit {*Contam rF+ rN+} (You found it on level 4 of the Dungeon)
  3874 | D:4      | Found a sand-covered staircase.
  3962 | D:4      | Noticed Blork the orc
  3978 | D:4      | Killed Blork the orc
  3978 | D:4      | Reached skill level 7 in Fighting
  4301 | D:5      | Entered Level 5 of the Dungeon
  4351 | D:5      | Noticed Grinder
  4369 | D:5      | Killed Grinder
  4369 | D:5      | Reached XP level 8. HP: 34/53 MP: 8/8
  4681 | D:5      | Noticed Edmund
  4707 | D:5      | Killed Edmund
  4710 | D:5      | Reached skill level 8 in Fighting
  5007 | D:5      | Reached * piety under Okawaru
  5287 | D:6      | Found Lyshri's Assorted Antiques.
  5419 | D:6      | Found Joraig's Magic Scroll Boutique.
  5446 | D:6      | Bought a scroll of identify for 24 gold pieces
  5446 | D:6      | Bought a scroll of enchant armour for 90 gold pieces
  5446 | D:6      | Bought a scroll of remove curse for 36 gold pieces
  5446 | D:6      | Bought a scroll of fear for 42 gold pieces
  5446 | D:6      | Bought a scroll of enchant armour for 90 gold pieces
  5446 | D:6      | Bought a scroll of identify for 24 gold pieces
  5567 | D:6      | Reached skill level 9 in Fighting
  5594 | D:6      | Reached ** piety under Okawaru
  5594 | D:6      | Reached XP level 9. HP: 48/60 MP: 9/9
  6175 | D:7      | Reached skill level 10 in Fighting
  6536 | D:7      | Found a burning altar of Makhleb.
  6536 | D:7      | Found an opulent altar of Gozag.
  6631 | D:7      | Noticed Prince Ribbit
  6653 | D:7      | Killed Prince Ribbit
  6849 | D:7      | Reached *** piety under Okawaru
  7083 | D:7      | Reached skill level 11 in Fighting
  7083 | D:7      | Reached skill level 10 in Maces & Flails
  7083 | D:7      | Reached XP level 10. HP: 37/69 MP: 10/10
  8217 | D:8      | Noticed Maurice
  8251 | D:8      | Killed Maurice
  8942 | D:9      | Reached **** piety under Okawaru
  9355 | D:9      | Reached skill level 12 in Fighting
  9599 | D:9      | Reached ***** piety under Okawaru
 10170 | D:10     | Entered Level 10 of the Dungeon
 10204 | D:10     | Found a staircase to the Lair.
 10434 | D:10     | Reached XP level 11. HP: 76/76 MP: 11/11
 10520 | D:10     | Found a deep blue altar of Sif Muna.
 10695 | D:10     | Noticed a hill giant
 10711 | D:10     | Killed a hill giant
 11000 | D:10     | Reached skill level 13 in Fighting
 11247 | D:10     | Killed an unseen horror
 11805 | D:11     | Noticed a hill giant
 11807 | D:11     | Noticed Nergalle
 11827 | D:10     | Killed a hill giant
 12048 | D:11     | Killed Nergalle
 12221 | D:11     | Killed from afar by a gargoyle

Vault maps used:
D:1:      kilobyte_arrival_exit_the_forest
D:2:      serial_forest, infiniplex_forest_clump_curved,
          infiniplex_forest_lined_3, infiniplex_forest_straight_4,
          infiniplex_forest_straight_2, infiniplex_forest_lined_2, uniq_terence
D:3:      first_bread, uniq_sigmund
D:4:      minmay_temple_entry_grid, enter_ossuary_2, nrook_loot_triangle,
          uniq_blork_the_orc
D:5:      uniq_edmund, uniq_grinder
D:6:      serial_shops, nicolae_shop_behind_doors, shop
D:7:      gammafunk_temple_overflow_wave, grunt_livestock, serial_bayou_pond_e,
          kennysheep_nub, minmay_misc_feat_pillars, grunt_decor_arrowhead,
          minivault_22, st_stairs_7, uniq_prince_ribbit1
D:8:      uniq_maurice
D:10:     dpeg_lair_monsters, basic_altar, amalloy_card_club
D:11:     uniq_nergalle, uniq_erica, uniq_fannar
Temple:   grunt_circular_temple_18

Action                   |  1- 3 |  4- 6 |  7- 9 | 10-12 || total
-------------------------+-------+-------+-------+-------++-------
Melee: Flail             |   106 |   113 |       |       ||   219
       Mace              |       |    85 |   413 |   503 ||  1001
       Unarmed           |       |       |       |    16 ||    16
Invok: Heroism           |       |       |     3 |     9 ||    12
  Use: Scroll            |     5 |       |     7 |    13 ||    25
       Potion            |       |     2 |     2 |     4 ||     8
  Eat: Bread ration      |     1 |     1 |       |     4 ||     6
       Meat ration       |       |       |     1 |       ||     1
       Beef jerky        |       |       |     2 |       ||     2
       Fruit             |       |       |     6 |     2 ||     8
